 Dungeon Crawl Stone Soup version 0.30-a0-174-gbc10bd73c2 (webtiles) character file.

Game seed: 5593935133386623936

179 qw the Chopper (level 5, -2/32 HPs)
             Began as a Gargoyle Fighter on Oct 1, 2022.
             Killed from afar by an orc wizard (14 damage)
             ... with a puff of flame
             ... on level 4 of the Dungeon.
             The game lasted 00:00:55 (2620 turns).

qw the Chopper (Gargoyle Fighter)                   Turns: 2620, Time: 00:00:55

Health: -2/32      AC: 13    Str: 22    XL:     5   Next: 59%
Magic:  5/5        EV:  9    Int:  8    God:
Gold:   115        SH:  0    Dex:  9    Spells: 4/4 levels left

rFire   . . .      SeeInvis .    Y - +0 war axe
rCold   . . .      Faith    .    c - +0 buckler
rNeg    + . .      Spirit   .    b - +0 scale mail
rPois   inf        Reflect  .    g - +1 helmet
rElec   +          Harm     .    (no cloak)
rCorr   .          Rampage  .    (no gloves)
Will    .....                    (no boots)
Stlth   ..........               (no amulet)
HPRegen 0.25/turn                (no ring)
MPRegen 0.09/turn                (no ring)

@: confused
A: sickness immunity, AC +4, negative energy resistance 1, electricity
resistance, torment resistance 1, petrification resistance
a: no special abilities


You were on level 4 of the Dungeon.
You visited 1 branch of the dungeon, and saw 4 of its levels.

You collected 115 gold pieces.


Innate Abilities, Weirdness & Mutations

You are immune to sickness and miasma.
Your stone body is resilient. (AC +4)
You are immune to poison.
You resist negative energy. (rN+)
You are resistant to electric shocks. (rElec)
You are resistant to unholy torment.
You are immune to petrification.


   Skills:
 + Level 3.2 Fighting
 - Level 5.1 Axes
 - Level 3.2 Armour
 - Level 3.2 Shields


You had 4 spell levels left.
You didn't know any spells.
Your spell library was empty.

Inventory:

Hand Weapons
 e - a +0 vorpal flail
 Y - a +0 war axe (weapon)
Armour
 b - a +0 scale mail (worn)
 c - a +0 buckler (worn)
 g - a +1 helmet (worn)
 l - a +4 scale mail
Jewellery
 i - a ring of ice
Scrolls
 a - a scroll of identify
Potions
 d - a potion of might
 f - a potion of attraction
 h - a potion of degeneration {unknown}
 j - a potion of lignification {unknown}
 k - a potion of berserk rage {unknown}
 m - a potion of heal wounds
 n - a potion of haste {unknown}

Dungeon Overview and Level Annotations

Branches:
Dungeon (4/15)
 Temple: D:4-7

Altars:
Zin

Annotations:
D:4 1 transporter, qw's ghost, amateur GrFi


Message History

The orc wizard hits you but does no damage.
Something hits you but does no damage.
You bump into the rock wall.
You hear some strange, mumbled words.
A puff of flame appears from out of thin air!
The puff of flame hits you but does no damage.
The orc wizard hits you with a +0 dagger.
You hit the orc wizard but do no damage.
The orc wizard is lightly wounded.
You miss something. Something hits you but does no damage.
The orc wizard hits you but does no damage.
You bump into the rock wall.
You hear some strange, mumbled words.
You are more confused.
The orc wizard casts a spell at you.
The puff of flame hits you but does no damage.
You slash the orc wizard!
The orc wizard is almost dead.
You barely miss something. Something hits you.
Qw's ghost says, "I'll split you in two!"
The orc wizard closely misses you.
You slash the orc wizard!
You kill the orc wizard!
You closely miss something. Something hits you but does no damage.
Your Axes skill increases to level 5!
You're too confused to attack without stumbling around!
There is a strange disturbance nearby!
Something hits you but does no damage.
You're too confused to attack without stumbling around!
There is a strange disturbance nearby!
Something hits you but does no damage.
You're too confused to attack without stumbling around!
There is a strange disturbance nearby!
You hear some strange, mumbled words.
A puff of flame appears from out of thin air!
The puff of flame hits you!
You die...

##..## #.# ##..##
#.# ##.####..##
... ........##
...
#..####.#####....
###
####..........
....
#....#####....
..... #.#### .
###...#@#
.S##..){#
.g8#..)).......
..W#..#........
..W#....######.
..D#^..## ...#..#
...#.. ..8#..


You could see a steam dragon, a phantom, qw's ghost, a hobgoblin and a ball
python.

Vanquished Creatures
  A necrophage (D:3)
  An orc wizard (D:4)
  3 adders
  A dart slug (D:4)
  6 orcs
  7 ball pythons
  5 endoplasms
  A giant cockroach (D:2)
  6 goblins
  4 hobgoblins
  3 jackals
  3 quokkas
  6 bats
  5 kobolds
  4 rats
56 creatures vanquished.

Vanquished Creatures (others)
  4 fungi (D:2)
  5 plants (D:2)
9 creatures vanquished.

Grand Total: 65 creatures vanquished

Notes
Turn   | Place    | Note
-------+----------+-------------------------------------------
     0 | D:1      | qw the Gargoyle Fighter began the quest for the Orb.
     0 | D:1      | Reached XP level 1. HP: 14/14 MP: 1/1
     0 | D:1      | 0 ||| qw: Version: 0.2-a-13-gfc7b4b4
     0 | D:1      | 0 ||| qw: Game counter: 1838
     0 | D:1      | 0 ||| qw: Always use a shield: true
     0 | D:1      | 0 ||| qw: God list: Okawaru
     0 | D:1      | 0 ||| qw: Allow faded altars: false
     0 | D:1      | 0 ||| qw: Do Orc after D:15 true
     0 | D:1      | 0 ||| qw: Do second Lair branch before Depths: true
     0 | D:1      | 0 ||| qw: Lair rune preference: random
     0 | D:1      | 0 ||| qw: Plans: Normal, Zot:1-4, God:TSO, Crypt, Tomb,
                  | Pan, Slime:5, Hells, Abyss, Orb
     0 | D:1      | 0 ||| PLANNING D:1-11
   132 | D:1      | Reached skill level 2 in Axes
   442 | D:1      | Reached XP level 2. HP: 19/19 MP: 2/2
  1046 | D:1      | 1046 ||| DROPPING amulet of magic regeneration.
  1047 | D:1      | 1047 ||| READING scroll labelled SYDARPHOA ALLEM.
  1048 | D:1      | 1048 ||| READING scroll labelled RUB QYDIREAM.
  1104 | D:2      | Reached skill level 3 in Axes
  1107 | D:2      | Found a faded altar of an unknown god.
  1136 | D:2      | Reached XP level 3. HP: 20/23 MP: 3/3
  1635 | D:2      | 1635 ||| READING scroll labelled DUUDYF DELLASA.
  1636 | D:2      | 1636 ||| READING scroll labelled CIUMUI SIULAAQYSM.
  1646 | D:3      | 1646 ||| STAIRDANCE
  1652 | D:3      | 1652 ||| STAIRDANCE
  1674 | D:3      | 1674 ||| DROPPING +0 whip.
  1860 | D:3      | 1860 ||| Stepping ~*~*~tactically~*~*~ (stealth).
  1902 | D:3      | Reached XP level 4. HP: 28/28 MP: 4/4
  1969 | D:3      | Found a glowing silver altar of Zin.
  2070 | D:3      | 2070 ||| Stepping ~*~*~tactically~*~*~ (stealth).
  2254 | D:3      | Reached skill level 4 in Axes
  2363 | D:3      | 2363 ||| Stepping ~*~*~tactically~*~*~ (stealth).
  2386 | D:3      | Noticed a necrophage
  2393 | D:3      | Killed a necrophage
  2394 | D:3      | Reached XP level 5. HP: 32/32 MP: 5/5
  2416 | D:3      | 2416 ||| UPGRADING to +0 helmet.
  2421 | D:3      | 2421 ||| READING scroll of enchant armour.
  2421 | D:3      | 2421 ||| ENCHANTING +0 helmet.
  2422 | D:3      | 2422 ||| READING scroll labelled BAEMOT QULOTA.
  2423 | D:3      | 2423 ||| READING scroll labelled EFUMUCSIENU.
  2444 | D:3      | 2444 ||| DRINKING 2 sapphire potions.
  2445 | D:3      | 2445 ||| READING 2 scrolls of identify.
  2445 | D:3      | 2445 ||| IDENTIFYING clear potion
  2483 | D:4      | 2483 ||| Stepping ~*~*~tactically~*~*~ (hiding).
  2571 | D:4      | Found a transporter.
  2574 | D:4      | Noticed qw's ghost (amateur GrFi)
  2574 | D:4      | Noticed a phantom
  2575 | D:4      | Noticed a steam dragon
  2584 | D:4      | 2584 ||| Stepping ~*~*~tactically~*~*~ (hiding).
  2618 | D:4      | Reached skill level 5 in Axes
  2620 | D:4      | Killed from afar by an orc wizard

Levels and vault maps discovered:
D:1:      evilmike_arrival_rings, layout_loops_corners
D:2:      layout_basic, shapermc_ecumenical_altar_mp_ritualfount
D:3:      minmay_angry_zag, layout_basic, zin_statuary,
          nicolae_underground_beach
D:4:      cheibrodos_greedy_goblins, layout_rooms, gammafunk_ghost_arena

Skill      XL: |  1  2  3  4  5 |
---------------+----------------+-----
Axes           | 2 3 4 5 |  5.1
Fighting       | |  3.2
Armour         | |  3.2
Shields        | |  3.2

Action                   |  1- 3 |  4- 6 || total
-------------------------+-------+-------++-------
Melee: War axe           |   100 |    75 ||   175
  Use: Scroll            |     4 |     4 ||     8
       Potion            |       |     1 ||     1
Armor: Scale mail        |    55 |    74 ||   129
Dodge: Dodged            |    63 |    37 ||   100
Block: Buckler           |    16 |    11 ||    27

Table legend:
 A = Non-vault XP
 B = Vault XP
 C = Vault XP percentage of total XP
 D = Non-vault monster count
 E = Vault monster count
 F = Vault count percentage of total count
                 A         B        C        D         E       F
            +---------+---------+-------+---------+---------+-------
      Total |     168 |      89 |  34.6 |      52 |       4 |   7.1
            +---------+---------+-------+---------+---------+-------
        D:1 |      28 |       0 |   0.0 |      17 |       0 |   0.0
        D:2 |      46 |       0 |   0.0 |      13 |       0 |   0.0
        D:3 |      26 |      89 |  77.4 |      13 |       4 |  23.5
        D:4 |      68 |       0 |   0.0 |       9 |       0 |   0.0
            +---------+---------+-------+---------+---------+-------
